 Dungeon Crawl Stone Soup version 0.29.1-2-gbd0b4ee654 (webtiles) character file.

Game seed: 12429889207202196987

55 sanboga the Cudgeller (level 3, -1/33 HPs)
             Began as a Minotaur Monk on Nov 20, 2022.
             Frozen to death by an endoplasm (4 damage)
             ... on level 3 of the Dungeon.
             The game lasted 00:04:47 (1498 turns).

sanboga the Cudgeller (Minotaur Monk)               Turns: 1498, Time: 00:04:48

Health: -1/33      AC:  4    Str: 17    XL:     3   Next: 67%
Magic:  2/2        EV: 12    Int:  7    God:
Gold:   117        SH:  0    Dex: 12    Spells: 2/2 levels left

rFire   . . .      SeeInvis .   a - +0 mace
rCold   . . .      Faith    .   (no shield)
rNeg    . . .      Spirit   .   b - +0 robe
rPois   .          Reflect  .   (helmet restricted)
rElec   .          Harm     .   (no cloak)
rCorr   .          Rampage  .   (no gloves)
Will    .....                   g - +1 pair of boots
Stlth   ++........              (no amulet)
HPRegen 0.11/turn               (no ring)
MPRegen 0.08/turn               (no ring)

@: no status effects
A: horns 2, retaliatory headbutt
a: no special abilities


You were on level 3 of the Dungeon.
You visited 1 branch of the dungeon, and saw 3 of its levels.

You collected 117 gold pieces.

Inventory:

Hand Weapons
 a - a +0 mace (weapon)
Armour
 b - a +0 robe (worn)
 g - a +1 pair of boots (worn)
Scrolls
 d - a scroll of blinking
 e - a scroll of poison {unknown}
 f - 3 scrolls of noise {unknown}
 i - a scroll of brand weapon {unknown}
Potions
 c - a potion of ambrosia


   Skills:
 + Level 4.2 Fighting
 * Level 4.7 Maces & Flails
 + Level 1.8 Armour
 - Level 3.2 Dodging
 - Level 1.5 Stealth


You had 2 spell levels left.
You didn't know any spells.
Your spell library was empty.

Dungeon Overview and Level Annotations

Branches:
Dungeon (3/15)

Altars:

Annotations:
D:3 Ijyb


Innate Abilities, Weirdness & Mutations

You have a pair of horns on your head.
You reflexively headbutt those who attack you in melee.


Message History

Ijyb burns you.
The kobold throws a stone.
The stone hits you.
* * * LOW HITPOINT WARNING * * *
You hit Ijyb.
Ijyb is moderately wounded.
Ijyb hits you but does no damage.
An endoplasm comes into view.
You hit Ijyb.
Ijyb is heavily wounded.
Ijyb hits you with a +0 dagger of flaming.
* * * LOW HITPOINT WARNING * * *
Ijyb burns you.
* * * LOW HITPOINT WARNING * * *
You hit Ijyb but do no damage. You headbutt Ijyb, but do no damage.
Ijyb is heavily wounded.
Ijyb closely misses you.
A ball python comes into view.
It was a potion of curing.
You feel better. Ijyb hits you but does no damage.
You closely miss Ijyb. You headbutt Ijyb.
Ijyb is heavily wounded.
Ijyb hits you with a +0 dagger of flaming.
Ijyb burns you.
The kobold hits you but does no damage. x2
Ijyb hits you with a +0 dagger of flaming.
* * * LOW HITPOINT WARNING * * *
Ijyb burns you.
* * * LOW HITPOINT WARNING * * *
You thump Ijyb!
Ijyb is almost dead.
The kobold closely misses you.
Ijyb screams, "You nasty!
Big nasty!"
Ijyb drinks a potion.
Ijyb is healed!
You miss Ijyb.
Ijyb is lightly wounded.
Ijyb hits you with a +0 dagger of flaming.
* * * LOW HITPOINT WARNING * * *
Ijyb burns you.
* * * LOW HITPOINT WARNING * * *
The kobold closely misses you. The endoplasm freezes you.
You are frozen.
You die...

... #### ....
###...####
...............
......#.........
......".........
.....#.........
#.##..g.......
##..#..@KS.....
#.......J......
###..............
.................
##..............
###..............
#................
..#..............
#.................#


You could see Ijyb, an endoplasm, a ball python and a kobold.

Vanquished Creatures
  2 dart slugs
  4 bats
  6 endoplasms
  2 giant cockroaches
  8 goblins
  4 hobgoblins (D:1)
  3 jackals (D:2)
  3 quokkas
  8 frilled lizards
  3 kobolds
  4 rats
47 creatures vanquished.

Notes
Turn   | Place    | Note
-------+----------+-------------------------------------------
     0 | D:1      | sanboga the Minotaur Monk began the quest for the Orb.
     0 | D:1      | Reached XP level 1. HP: 19/19 MP: 0/0
    67 | D:1      | Reached XP level 2. HP: 25/27 MP: 1/1
    71 | D:1      | Reached skill level 1 in Armour
   442 | D:1      | Reached XP level 3. HP: 33/33 MP: 2/2
   755 | D:2      | Found a faded altar of an unknown god.
   755 | D:2      | Noticed an eye of devastation
   763 | D:2      | Noticed a golden eye
   763 | D:2      | Noticed a shining eye
   763 | D:2      | Noticed a shining eye
  1485 | D:3      | Noticed Ijyb
  1498 | D:3      | Frozen to death by an endoplasm

Illustrated notes

Levels and vault maps discovered:
D:1:      minmay_arrival_jagged, layout_loops_ring, minmay_misc_feat_rows
D:2:      layout_loops_ring, hellmonk_ecumenical_altar_watching_god
D:3:      layout_rooms, serial_shops, shop, minmay_statues_item, uniq_ijyb

Skill      XL: |  1  2 |
---------------+-------+-----
Maces & Flails | 4 |  4.7
Armour         | 1 |  1.8
Fighting       | 4 |  4.2
Dodging        | |  3.2
Stealth        | |  1.5

Action                   || total
-------------------------++-------
Melee: Mace              ||    80
       Headbutt          ||     8
  Use: Scroll            ||     3
       Potion            ||     1
 Stab: Sleeping          ||     7
Armor: Robe              ||    20
Dodge: Dodged            ||    35
